 Dungeon Crawl Stone Soup version 0.22-a0-388-g09e6169 (webtiles) character file.

2993 Falco the Skirmisher (level 9, -4/69 HPs)
             Began as a Mummy Hunter on Apr 29, 2018.
             Was a Believer of Okawaru.
             Slain by Duvessa
             ... wielding a +0 short sword of electrocution
              (10 damage)
             ... on level 7 of the Dungeon.
             The game lasted 00:58:24 (6656 turns).

Falco the Skirmisher (Mummy Hunter)                 Turns: 6656, Time: 00:58:25

Health: -4/69      AC:  6    Str: 17    XL:     9   Next: 54%
Magic:  9/9        EV: 13    Int: 10    God:    Okawaru [**....]
Gold:   285        SH:  0    Dex: 16    Spells: 0/8 levels left

rFire    . . .     SeeInvis .   b - +0 hand axe (elec)
rCold    + . .     Gourm    .   (no shield)
rNeg     + + +     Faith    .   c - +3 leather armour
rPois    ∞         Spirit   .   (no helmet)
rElec    .         Reflect  .   v - scarf {cloud immunity}
rCorr    .         Harm     .   (no gloves)
MR       +....                  (no boots)
Stlth    ++........             y - amulet of regeneration
HPRegen  0.61/turn              s - +2 ring of dexterity
MPRegen  0.11/turn              o - ring of protection from fire

@: about to teleport
A: no food or potions, fire vulnerability, cold resistance 1, negative energy
resistance 3, torment resistance, unbreathing
a: Heroism, Renounce Religion


You were on level 7 of the Dungeon.
You worshipped Okawaru.
Okawaru was pleased with you.
You were not hungry.

You visited 2 branches of the dungeon, and saw 8 of its levels.
You also visited: Ossuary.

You collected 285 gold pieces.

Inventory:

Hand Weapons
 a - a +1 hand crossbow
 b - a +0 hand axe of electrocution (weapon)
 h - a +0 short sword
 n - a +2 whip of flaming
 p - a +0 flail of crushing
 B - a cursed -2 shortbow
Missiles
 j - 5 needles of sleeping
 l - 39 arrows
 q - 18 poisoned needles
 u - 19 bolts
 D - a silver tomahawk (quivered)
Armour
 c - a +3 leather armour (worn)
 k - a +2 cloak
 v - a scarf of cloud immunity (worn)
Jewellery
 m - an uncursed ring of protection from cold
 o - a ring of protection from fire (right hand)
 r - an uncursed amulet of magic regeneration
 s - a +2 ring of dexterity (left hand)
 y - an amulet of regeneration (around neck)
 A - an uncursed ring of protection from fire
 C - an uncursed ring of flight
 E - a cursed ring of teleportation {unknown}
Wands
 d - a wand of clouds (6)
 t - a wand of acid (6)
 w - a wand of disintegration (8)
 x - a wand of scattershot (8)
Scrolls
 e - 2 scrolls of remove curse
 f - a scroll of fog
 i - a scroll of amnesia
 z - 5 scrolls of identify


   Skills:
 + Level 6.2 Fighting
 + Level 6.2 Axes
 + Level 5.7 Crossbows
 + Level 1.4 Throwing
 + Level 4.5 Armour
 + Level 3.3 Dodging
 + Level 1.3 Stealth
 + Level 0.3 Spellcasting
 + Level 0.7 Summonings


You couldn't memorise any spells.
You knew the following spells:

 Your Spells              Type           Power        Failure   Level  Hunger
a - Corona                Hex            #......      41%         1    N/A
b - Ensorcelled Hibernat  Hex/Ice        #.....       54%         2    N/A
c - Blink                 Tloc           N/A          54%         2    N/A
d - Magic Dart            Conj           #...         41%         1    N/A
e - Call Imp              Summ           #.......     45%         2    N/A

Dungeon Overview and Level Annotations

Branches:
Dungeon (7/15)             Temple (1/1) D:4

Altars:
Ashenzari
Cheibriados
Dithmenos
Fedhas
Gozag
Hepliaklqana
Kikubaaqudgha
Makhleb
Nemelex Xobeh
Okawaru
Qazlal
Ru
Sif Muna
Trog
Uskayaw
Vehumet
Wu Jian
Xom
Yredelemnul
Zin
The Shining One

Annotations:
D:6 2 transporters
D:7 Duvessa


Innate Abilities, Weirdness & Mutations

You do not eat or drink.
Your flesh is vulnerable to fire.
You are immune to poison.
Your flesh is cold resistant. (rC+)
You are immune to negative energy. (rN+++)
You are immune to unholy pain and torment.
You can survive without breathing.


Message History

Duvessa is moderately wounded.
Duvessa hits you with a short sword of electrocution.
You hit Duvessa.
Duvessa is moderately wounded.
Duvessa hits you with a short sword of electrocution.
Duvessa hits you but does no damage.
You slash Duvessa!
Duvessa is heavily wounded.
Duvessa closely misses you.
You hit Duvessa.
Duvessa is severely wounded.
Duvessa hits you with a short sword of electrocution!
You are electrocuted!
* * * LOW HITPOINT WARNING * * *
Duvessa hits you with a short sword of electrocution!
* * * LOW HITPOINT WARNING * * *
As you read the scroll of teleportation, it crumbles to dust.
You feel strangely unstable.
Duvessa hits you with a short sword of electrocution!
You die...

##################
#>................
#.################
#.# #.# #.# #.# #.#
#@# #e#**********
#.#,,,,,,,,,**
#.#,***+***,,* #.#,*
*,* *,,*****
**#..,***,***,,,,,,,
*,..#.***_,,+,******
*,..(.#**,***,,,,,,,
*....,# *,* *,******


You could see Duvessa (berserk).

Vanquished Creatures
  Pikel (D:4)
  Prince Ribbit (D:7)
  2 ice beasts
  A sky beast (D:6)
  A slave (D:5)
  The ghost of Deathtrap2010 the Skirmisher, an amateur GnWn (D:3)
  A phantom (D:7)
  2 ogres
  A centaur (D:6)
  A bullfrog (D:7)
  3 elf zombies (Ossuary)
  A scorpion (D:4)
  Dowan (D:7)
  3 killer bees (D:7)
  3 howler monkeys
  2 crimson imps (D:6)
  A bullfrog zombie (D:6)
  A centaur zombie (Ossuary)
  A quasit (D:7)
  2 human zombies (Ossuary)
  2 jellies
  A centaur skeleton (D:6)
  2 orc priests (D:5)
  2 hounds
  3 orc wizards
  3 iguanas
  4 worker ants
  3 big kobold zombies (Ossuary)
  A hound skeleton (D:4)
  2 mummies (Ossuary)
  A worker ant zombie (D:5)
  4 gnolls
  8 adders
  A shadow imp (D:6)
  An ooze (D:3)
  An adder zombie (D:6)
  4 worms
  An adder skeleton (D:6)
  3 dart slugs
  2 leopard geckos
  19 orcs
  2 ball pythons
  4 giant cockroaches
  5 goblins
  12 hobgoblins
  12 jackals
  5 kobolds
  2 quokkas
  7 bats
  3 frilled lizards
  A goblin zombie (Ossuary)
  9 hobgoblin zombies (Ossuary)
  A jackal skeleton (D:4)
  A jackal zombie (Ossuary)
  11 kobold zombies (Ossuary)
  A leopard gecko skeleton (D:4)
  6 orc zombies (Ossuary)
  7 rats
187 creatures vanquished.

Notes
Turn   | Place    | Note
-------+----------+-------------------------------------------
     0 | D:1      | Falco the Mummy Hunter began the quest for the Orb.
     0 | D:1      | Reached XP level 1. HP: 16/16 MP: 1/1
    67 | D:1      | Reached XP level 2. HP: 22/22 MP: 2/2
   294 | D:1      | Reached XP level 3. HP: 27/27 MP: 3/3
  1059 | D:2      | Reached XP level 4. HP: 27/33 MP: 4/4
  1409 | D:3      | Reached skill level 1 in Axes
  1476 | D:3      | Noticed Deathtrap2010's ghost (amateur GnWn)
  2029 | D:3      | Killed Deathtrap2010's ghost
  2029 | D:3      | Reached skill level 1 in Armour
  2029 | D:3      | Reached XP level 5. HP: 16/40 MP: 5/5
  2480 | D:4      | Found a staircase to the Ecumenical Temple.
  2481 | D:4      | Noticed Pikel
  2481 | D:4      | Noticed a slave
  2481 | D:4      | Noticed a slave
  2482 | D:4      | Noticed a slave
  2507 | D:5      | Entered Level 5 of the Dungeon
  2510 | D:5      | Noticed an ogre
  2520 | D:5      | Reached XP level 6. HP: 24/47 MP: 6/6
  2735 | D:5      | Noticed an ice beast
  2759 | D:5      | Killed an ice beast
  2759 | D:5      | Reached skill level 1 in Stealth
  3033 | D:5      | Reached XP level 7. HP: 45/52 MP: 7/7
  3121 | D:5      | Reached skill level 5 in Crossbows
  3831 | D:5      | Learned a level 1 spell: Corona
  3834 | D:5      | Learned a level 2 spell: Ensorcelled Hibernation
  3838 | D:5      | Learned a level 3 spell: Confuse
  4117 | D:4      | Killed Pikel
  4117 | D:4      | Reached skill level 1 in Throwing
  4117 | D:4      | Reached XP level 8. HP: 29/61 MP: 8/8
  4270 | D:4      | Learned a level 1 spell: Magic Dart
  4311 | Temple   | Entered the Ecumenical Temple
  4594 | Temple   | Became a worshipper of Warmaster Okawaru
  4781 | D:6      | Found a sand-covered staircase.
  4787 | D:6      | Noticed a kobold demonologist
  4790 | Ossuary  | Entered an ossuary
  5144 | Ossuary  | Reached * piety under Okawaru
  5144 | Ossuary  | Reached skill level 5 in Axes
  5221 | Ossuary  | Reached skill level 5 in Fighting
  5307 | D:6      | Found a transporter.
  5308 | D:6      | Found a transporter.
  5338 | D:6      | Noticed a kobold demonologist
  5528 | D:6      | Reached XP level 9. HP: 48/68 MP: 9/9
  5701 | D:6      | Learned a level 2 spell: Blink
  5704 | D:6      | Learned a level 2 spell: Call Imp
  6287 | D:7      | Noticed Prince Ribbit
  6303 | D:7      | Killed Prince Ribbit
  6395 | D:7      | Reached ** piety under Okawaru
  6638 | D:7      | Noticed Dowan
  6640 | D:7      | Noticed Duvessa
  6643 | D:7      | Killed Dowan
  6656 | D:7      | Slain by Duvessa

Vault maps used:
D:1:      minmay_arrival_semitransparent
D:2:      first_ration
D:4:      minmay_temple_entry_statues_fountains, palyth_stone_intersect,
          hangedman_decor_growths, uniq_pikel
D:6:      gammafunk_wand_slinger, enter_ossuary_1
D:7:      lemuel_doored_altar, uniq_duvessa, uniq_prince_ribbit1
Temple:   minmay_crystal_snake_temple
Ossuary:  ossuary_tomb_1

Skill      XL: |  1  2  3  4  5  6  7  8  9 |
---------------+----------------------------+-----
Crossbows      | 4 5 |  5.7
Axes           | 1 2 4 5 6 |  6.2
Armour         | 1 2 3 4 |  4.5
Fighting       | 3 4 5 6 |  6.2
Dodging        | 2 3 |  3.3
Stealth        | 1 |  1.3
Throwing       | 1 |  1.4
Spellcasting   | |  0.3
Summonings     | |  0.7

Action                   |  1- 3 |  4- 6 |  7- 9 || total
-------------------------+-------+-------+-------++-------
Melee: Hand axe          |    31 |   112 |   366 ||   509
 Fire: Hand crossbow     |    74 |    23 |    91 ||   188
Throw: Tomahawk          |       |       |    16 ||    16
 Cast: Call Imp          |       |       |     2 ||     2
  Use: Scroll            |     7 |     7 |    10 ||    24
Armor: Leather armour    |    13 |    15 |    89 ||   117
       Scale mail        |       |    34 |     2 ||    36
Dodge: Dodged            |    31 |    67 |   177 ||   275

Table legend:
 A = Spawn XP
 B = Non-spawn XP
 C = Spawn XP percentage of total XP
 D = Spawn monster count
 E = Non-spawn monster count
 F = Spawn count percentage of total count
 G = Total turns spent on level
                    A         B        C        D         E        F      G
               +---------+---------+-------+---------+---------+-------+---------
         Total |       0 |    4277 |   0.0 |       0 |     186 |   0.0 |  6656
               +---------+---------+-------+---------+---------+-------+---------
           D:1 |       0 |      52 |   0.0 |       0 |      23 |   0.0 |   580
           D:2 |       0 |      70 |   0.0 |       0 |      22 |   0.0 |   815
           D:3 |       0 |     183 |   0.0 |       0 |      16 |   0.0 |   824
           D:4 |       0 |     921 |   0.0 |       0 |      18 |   0.0 |   899
           D:5 |       0 |     679 |   0.0 |       0 |      25 |   0.0 |  1347
           D:6 |       0 |     889 |   0.0 |       0 |      25 |   0.0 |   859
           D:7 |       0 |     929 |   0.0 |       0 |      18 |   0.0 |   505
       Ossuary |       0 |     554 |   0.0 |       0 |      39 |   0.0 |   513
               +---------+---------+-------+---------+---------+-------+---------
